 Dungeon Crawl Stone Soup version 0.26-a0-524-g073066f631 (webtiles) character file.

Game seed: 17044971482045260329

234 ReteAZ the Covert (level 5, 0/25 HPs)
             Began as a Spriggan Brigand on Aug 13, 2020.
             Slain by a water moccasin (10 damage)
             ... on level 5 of the Dungeon.
             The game lasted 00:05:18 (4188 turns).

ReteAZ the Covert (Spriggan Brigand)                Turns: 4188, Time: 00:05:19

Health: 0/25       AC:  5    Str:  7    XL:     5   Next: 75%
Magic:  6/6        EV: 17    Int: 12    God:
Gold:   245        SH:  0    Dex: 19    Spells: 4/4 levels left

rFire    . . .     SeeInvis +   l - +4 dagger
rCold    . . .     Faith    .   (shield restricted)
rNeg     . . .     Spirit   .   b - +0 robe
rPois    +         Reflect  .   q - +1 hat
rElec    .         Harm     .   y - +1 cloak
rCorr    .                      (gloves unavailable)
MR       .....                  (boots unavailable)
Stlth    +++++.....             (no amulet)
HPRegen  0.08/turn              g - ring of poison resistance
MPRegen  0.10/turn              (no ring)

@: very quick
A: very small, unfitting armour, see invisible, speed 3
a: no special abilities


You were on level 5 of the Dungeon.
You visited 1 branch of the dungeon, and saw 5 of its levels.

You collected 245 gold pieces.

Inventory:

Hand Weapons
 a - a +2 dagger
 l - a +4 dagger (weapon)
Missiles
 d - 18 poisoned darts (quivered)
 e - 2 curare-tipped darts
 p - 4 silver boomerangs
Armour
 b - a +0 robe (worn)
 q - a +1 hat (worn)
 y - a +1 cloak (worn)
Jewellery
 g - a ring of poison resistance (left hand)
 o - an uncursed ring of ice
Scrolls
 i - 12 scrolls of remove curse {unknown}
 j - 2 scrolls of enchant armour {unknown}
 k - 9 scrolls of identify {unknown}
 r - 3 scrolls of teleportation {unknown}
 s - a scroll of magic mapping {unknown}
 w - a scroll of amnesia {unknown}
 x - 2 scrolls of immolation {unknown}
Potions
 c - a potion of stabbing {unknown}
 f - 2 potions of degeneration {unknown}
 h - 2 potions of heal wounds {unknown}
 n - 2 potions of mutation {unknown}
 t - 6 potions of curing {unknown}
 u - 2 potions of haste {unknown}
 v - a potion of flight {unknown}


   Skills:
 - Level 1.5 Fighting
 - Level 2.1 Short Blades
 - Level 2.0 Throwing
 - Level 1.5 Dodging
 + Level 10.7 Stealth


You had 4 spell levels left.
You didn't know any spells.
Your spell library was empty.

Dungeon Overview and Level Annotations

Branches:
Dungeon (5/15)
 Temple: D:4-7

Altars:
Zin

Annotations:
D:3 1 runed translucent door


Innate Abilities, Weirdness & Mutations

You are very small and have problems with some larger weapons.
You are too small for most types of armour.
You have supernaturally acute eyesight. (SInv)
You cover ground extremely quickly.


Message History

Throwing (i - inventory. (/) - cycle)
d - 21 poisoned darts (quivered)
Press: ? - help, Shift-Dir - straight line, f/p - water moccasin
Aim: a water moccasin (heavily wounded)
You throw a poisoned dart.
The poisoned dart closely misses the water moccasin.
The water moccasin closely misses you.
The water moccasin completely misses you.
Throwing (i - inventory. (/) - cycle)
d - 20 poisoned darts (quivered)
Press: ? - help, Shift-Dir - straight line, f/p - water moccasin
Aim: a water moccasin (heavily wounded)
You throw a poisoned dart.
The poisoned dart closely misses the water moccasin.
The water moccasin closely misses you.
Throwing (i - inventory. (/) - cycle)
d - 19 poisoned darts (quivered)
Press: ? - help, Shift-Dir - straight line, f/p - water moccasin
Aim: a water moccasin (heavily wounded)
You throw a poisoned dart.
The poisoned dart closely misses the water moccasin.
The water moccasin bites you!
You die...

†##.###+##
##.####.## ....#
.........###..#
###.#
##...##<.....#
....+ ###
###.#....# ....#
#### #.# .......
....# #()###
#.####..##..
....###+
#....######.......#
. ........
#.#.............###
.#######
#S###S@(.....(..#
.#
#.[...##<(##..#..
.# ##...####.(...#
## ###..#.# ####..#
# #...##.>. #...?(#
# #.######.#
#......# # #.#
.....S##...# # #.#
..... #...# # ##.#
......( #....


You could see a water moccasin.

Vanquished Creatures
  A hound (D:4)
  A worker ant (D:5)
  A hound skeleton (D:4)
  7 adders
  An ooze (D:4)
  An adder skeleton (D:4)
  2 worms
  5 dart slugs
  5 leopard geckos
  2 orcs (D:3)
  6 bats
  4 giant cockroaches
  8 goblins
  6 hobgoblins
  4 jackals (D:1)
  5 kobolds
  4 quokkas
  3 ball pythons
  6 frilled lizards
  A leopard gecko skeleton (D:4)
  5 rats
78 creatures vanquished.

Notes
Turn   | Place    | Note
-------+----------+-------------------------------------------
     0 | D:1      | ReteAZ the Spriggan Brigand began the quest for the Orb.
     0 | D:1      | Reached XP level 1. HP: 10/10 MP: 2/2
    29 | D:1      | Reached skill level 6 in Stealth
   110 | D:1      | Reached XP level 2. HP: 11/14 MP: 3/3
   593 | D:1      | Reached skill level 7 in Stealth
  1043 | D:1      | Reached XP level 3. HP: 18/18 MP: 4/4
  1283 | D:2      | Reached skill level 8 in Stealth
  1368 | D:2      | Reached XP level 4. HP: 22/22 MP: 5/5
  2086 | D:3      | Reached skill level 9 in Stealth
  2370 | D:3      | Found a glowing silver altar of Zin.
  2374 | D:3      | Noticed an angel
  2375 | D:3      | Found a runed translucent door.
  2796 | D:3      | Reached XP level 5. HP: 21/25 MP: 6/6
  3298 | D:4      | Reached skill level 10 in Stealth
  3825 | D:5      | Entered Level 5 of the Dungeon
  4146 | D:5      | Noticed a water moccasin
  4188 | D:5      | Slain by a water moccasin

Illustrated notes

Levels and vault maps discovered:
D:1:      mrwooster_arrival_statue_2, layout_basic
D:2:      layout_basic
D:3:      layout_rooms, lemuel_angel_altar
D:4:      layout_basic
D:5:      layout_rooms, minmay_temple_entry_glassed_door, uniq_edmund

Skill      XL: |  1  2  3  4  5 |
---------------+----------------+-----
Stealth        | 6 7 8 9 10 | 10.7
Fighting       | |  1.5
Short Blades   | |  2.1
Throwing       | |  2.0
Dodging        | |  1.5

Action                   |  1- 3 |  4- 6 || total
-------------------------+-------+-------++-------
Melee: Dagger            |    91 |   166 ||   257
Throw: Dart              |     2 |    19 ||    21
 Stab: Sleeping          |     9 |    19 ||    28
       Distracted        |       |     1 ||     1
Armor: Robe              |     8 |    12 ||    20
Dodge: Dodged            |    82 |   103 ||   185

Table legend: (Time is in decaauts)
 A = Elapsed time spent in this place.
 B = Non-inter-level travel time spent in this place.
 C = Inter-level travel time spent in this place.
 D = Time resting spent in this place.
 E = Time spent auto-exploring this place.
 F = Levels seen in this place.
 G = Mean time per level.
                   A        B        C        D        E       F      G
               +--------+--------+--------+--------+--------+-----+--------+
         Total |   3109 |   3031 |     78 |    233 |   2198 |   5 |  621.8 |
       Dungeon |   3109 |   3031 |     78 |    233 |   2198 |   5 |  621.8 |
               +--------+--------+--------+--------+--------+-----+--------+

Top non-repeatable levels by time:
     D:1: 880 daAuts
     D:4: 669 daAuts
     D:3: 654 daAuts
     D:2: 596 daAuts
     D:5: 308 daAuts
